 Dungeon Crawl Stone Soup version 0.30-a0-358-g0d69a1922f (webtiles) character file.

Game seed: 9329492603278695715

124 Darkkill the Shooter (level 4, -5/40 HPs)
             Began as a Minotaur Hunter on Nov 9, 2022.
             Killed from afar by Natasha (16 damage)
             ... with a bolt of light
             ... on level 3 of the Dungeon.
             The game lasted 00:01:35 (1286 turns).

Darkkill the Shooter (Minotaur Hunter)              Turns: 1286, Time: 00:01:35

Health: -5/40      AC:  4    Str: 15    XL:     4   Next: 81%
Magic:  3/3        EV: 13    Int:  6    God:
Gold:   119        SH:  0    Dex: 16    Spells: 3/3 levels left

rFire   . . .      SeeInvis .    a - +1 shortbow
rCold   . . .      Faith    .    (shield currently unavailable)
rNeg    . . .      Spirit   .    c - +1 leather armour
rPois   .          Reflect  .    (helmet restricted)
rElec   .          Harm     .    (no cloak)
rCorr   .          Rampage  .    (no gloves)
Will    .....                    (no boots)
Stlth   ++........               n - amulet of the acrobat
HPRegen 0.26/turn                (no ring)
MPRegen 0.08/turn                (no ring)

@: no status effects
A: horns 2, retaliatory headbutt
a: no special abilities


You were on level 3 of the Dungeon.
You visited 1 branch of the dungeon, and saw 3 of its levels.

You collected 119 gold pieces.

Inventory:

Hand Weapons
 a - a +1 shortbow (weapon)
 b - a +0 great sword
Missiles
 g - 28 stones
Armour
 c - a +1 leather armour (worn)
Jewellery
 n - an amulet of the acrobat (around neck)
Scrolls
 f - a scroll of blinking
 l - a scroll of immolation
 p - a scroll of enchant armour
Potions
 d - a potion of ambrosia {unknown}
 e - a potion of lignification {unknown}
 h - a potion of haste
 i - a potion of magic {unknown}
 j - 2 potions of degeneration {unknown}
 k - 2 potions of heal wounds {unknown}
 m - a potion of might {unknown}
 o - 2 potions of resistance {unknown}


   Skills:
 + Level 3.7 Fighting
 + Level 5.0 Ranged Weapons
 + Level 3.4 Dodging
 + Level 2.1 Stealth


You had 3 spell levels left.
You didn't know any spells.
Your spell library contained the following spells:

 Spells                   Type           Power      Damage    Failure   Level
 Scorch                   Fire           0%         2d5       67%         2
 Gell's Gravitas          Tloc           0%         N/A       88%         3
 Ignite Poison            Fire/Tmut/Pois 0%         N/A       88%         3
 Teleport Other           Tloc           0%         N/A       88%         3
 Dispersal                Tloc           0%         N/A       100%        6
 Ignition                 Fire           0%         3d3       100%        8


Dungeon Overview and Level Annotations

Branches:
Dungeon (3/15)

Altars:

Annotations:
D:3 Natasha


Innate Abilities, Weirdness & Mutations

You have a pair of horns on your head.
You reflexively headbutt those who attack you in melee.


Message History

Things that are here:
a +0 short sword; a kobold corpse
Things that are here:
a +0 short sword; a kobold corpse You see here a +0 mace.
Found a dagger.
Done exploring.
No target in view!
Done exploring.
No target in view!
Done exploring.
No target in view!
Done exploring.
No target in view!
Done exploring.
No target in view!
Okay, then.
Okay, then.
You start putting on your amulet.
You continue putting on your amulet of the acrobat. x5
You finish putting on your amulet of the acrobat.
You feel ready to tumble and roll out of harm's way.
n - an amulet of the acrobat (around neck)
There is a stone staircase leading down here.
You climb downwards.
Found a scroll of enchant armour.
Found a stone staircase leading up.
There is a stone staircase leading up here.
p - a scroll of enchant armour No target in view!
No target in view!
Natasha, Servant of Life and Death comes into view.
She is carrying a wand of light (6).
Found a whip.
You shoot an arrow. The arrow hits Natasha!
Natasha hisses angrily.
Natasha is severely wounded.
Natasha mumbles some strange words.
You shoot an arrow. The arrow misses Natasha.
You shoot an arrow.
The arrow hits Natasha but does no damage.
Natasha is severely wounded.
Natasha stares at you and mumbles some strange words.
The magic dart hits you!
Natasha casts a spell.
You shoot an arrow. The arrow completely misses Natasha.
Natasha zaps a wand.
The bolt of light hits you!
You are confused.
You shoot an arrow. You shoot an arrow.
You feel less confused.
Natasha mumbles some strange words.
The crimson imp blinks!
The crimson imp shouts, "Flounder, thou foppish ruttish bull-brain!"
The crimson imp blinks!
Natasha completely misses you. You furiously retaliate!
You headbutt Natasha.
Fire: a) +1 shortbow
Press: ? - help, Q - select action, (/) - cycle Shift-Dir - straight line, p - Natasha You can't see that place.
You can't see that place.
Okay, then.
Fire: a) +1 shortbow
Press: ? - help, Q - select action, (/) - cycle Shift-Dir - straight line, f - Natasha
Aim: Natasha, carrying a wand of light (5) (almost dead, 58% to hit)
You shoot an arrow. The arrow closely misses Natasha.
Natasha barely misses you. You furiously retaliate!
You headbutt Natasha!
You kill Natasha!
Natasha growls in agony!
The iron imp disappears in a puff of smoke!
Your Ranged Weapons skill increases to level 5!
Found a stone staircase leading up.
You see here the felid corpse of Natasha.
Natasha, Servant of Life and Death comes into view.
She is carrying a wand of light (5).
Fire: a) +1 shortbow
Press: ? - help, Q - select action, (/) - cycle Shift-Dir - straight line, f - Natasha
Aim: Natasha, carrying a wand of light (5) (wandering, hasn't noticed you, 58% to hit)
You shoot an arrow. The arrow barely misses Natasha.
Natasha hisses angrily.
Fire: a) +1 shortbow
Press: ? - help, Q - select action, (/) - cycle Shift-Dir - straight line, f/p - Natasha
Aim: Natasha, carrying a wand of light (5) (58% to hit)
You shoot an arrow. The arrow completely misses Natasha.
Natasha stares at you and mumbles some strange words.
You resist with some effort.
Fire: a) +1 shortbow
Press: ? - help, Q - select action, (/) - cycle Shift-Dir - straight line, f/p - Natasha
Aim: Natasha, carrying a wand of light (5) (58% to hit)
You shoot an arrow. The arrow hits Natasha!
Natasha is heavily wounded.
Natasha zaps a wand.
The bolt of light hits you!
* * * LOW HITPOINT WARNING * * *
Fire: a) +1 shortbow
Press: ? - help, Q - select action, (/) - cycle Shift-Dir - straight line, f/p - Natasha
Aim: Natasha, carrying a wand of light (4) (heavily wounded, 58% to hit)
You shoot an arrow. The arrow hits Natasha.
Natasha is almost dead.
Fire: a) +1 shortbow
Press: ? - help, Q - select action, (/) - cycle Shift-Dir - straight line, f/p - Natasha
Aim: Natasha, carrying a wand of light (4) (almost dead, 58% to hit)
You shoot an arrow. The arrow closely misses Natasha.
Natasha zaps a wand.
The bolt of light hits you!
You die...

.............##..#
.)..........# ###
...........#
..........###
...........## #.
#.#####..#..#
#...###.#####..##.#
#.$.............#.#
#..####@#####...#.#
#.# #.....# #.#
#.....# h.. #.....#
... #.#....# .....
.......# ...<.
..##...# .......


You could see Natasha.

Vanquished Creatures
  Natasha (D:3)
  A gnoll (D:1)
  3 adders (D:2)
  A worm (D:2)
  2 dart slugs (D:1)
  4 endoplasms
  A giant cockroach (D:1)
  4 goblins
  8 hobgoblins
  2 jackals (D:2)
  7 kobolds
  4 quokkas
  6 ball pythons
  3 bats
  3 frilled lizards (D:1)
  7 rats
57 creatures vanquished.

Notes
Turn   | Place    | Note
-------+----------+-------------------------------------------
     0 | D:1      | Darkkill the Minotaur Hunter began the quest for the Orb.
     0 | D:1      | Reached XP level 1. HP: 18/18 MP: 0/0
    61 | D:1      | Reached skill level 1 in Stealth
    74 | D:1      | Reached XP level 2. HP: 25/25 MP: 1/1
   117 | D:1      | Got the Compendium of the Intoxicating Coals
   163 | D:1      | Reached XP level 3. HP: 31/31 MP: 2/2
   604 | D:1      | You fall into a shaft and drop 1 floor!
   855 | D:2      | Reached XP level 4. HP: 38/38 MP: 3/3
  1243 | D:3      | Noticed Natasha
  1250 | D:3      | Killed Natasha
  1251 | D:3      | Reached skill level 5 in Ranged Weapons
  1281 | D:3      | Noticed Natasha
  1286 | D:3      | Killed from afar by Natasha

Illustrated notes

Levels and vault maps discovered:
D:1:      enne_arrival_octagon_isle, layout_rooms
D:2:      layout_loops_cross
D:3:      minmay_door_path, layout_rooms, general_overflow_altar,
          gammafunk_ghost_split, uniq_natasha

Skill      XL: |  1  2  3  4 |
---------------+-------------+-----
Stealth        | 1 2 |  2.1
Fighting       | 3 |  3.7
Dodging        | 3 |  3.4
Ranged Weapons | 5 |  5.0

Action                   |  1- 3 |  4- 6 || total
-------------------------+-------+-------++-------
 Fire: Shortbow          |    95 |    51 ||   146
  Use: Scroll            |     6 |       ||     6
Armor: Leather armour    |     7 |     6 ||    13
Dodge: Dodged            |    25 |     8 ||    33

Table legend: (Time is in decaauts)
 A = Elapsed time spent in this place.
 B = Non-inter-level travel time spent in this place.
 C = Inter-level travel time spent in this place.
 D = Time resting spent in this place.
 E = Time spent auto-exploring this place.
 F = Levels seen in this place.
 G = Mean time per level.
                   A        B        C        D        E       F      G
               +--------+--------+--------+--------+--------+-----+--------+
         Total |   1328 |   1271 |     57 |     27 |    961 |   3 |  442.7 |
       Dungeon |   1328 |   1271 |     57 |     27 |    961 |   3 |  442.7 |
               +--------+--------+--------+--------+--------+-----+--------+

Top non-repeatable levels by time:
     D:2: 632 daAuts
     D:1: 627 daAuts
     D:3: 69 daAuts

Table legend:
 A = Kills in this place as a percentage of kills in entire the game.
 B = Kills by you in this place as a percentage of kills by you in the entire game.
 C = Kills by friends in this place as a percentage of kills by friends in the entire game.
 D = Other kills in this place as a percentage of other kills in the entire game.
 E = Experience gained in this place as a percentage of experience gained in the entire game.
 F = Experience gained in this place divided by the number of levels of this place that you have seen.
                   A       B       C       D       E      F
               +-------+-------+-------+-------+-------+----------------------
         Total | 100.0 | 100.0 |   N/A |   N/A | 100.0 |  59.3
       Dungeon | 100.0 | 100.0 |   N/A |   N/A | 100.0 |  59.3
               +-------+-------+-------+-------+-------+----------------------
